RES
ERSKINEVILLE PIRATES @ ROCKDALE CRUSHERS
05/10/2022
 
TOP OF THE 1ST
Erskineville Pirates batting - Pitching for Rockdale Crushers : LHP Braxton Beedell
Pitching: LHP Braxton Beedell
Batting: RHB Phil Rutgers 0-0: Ground out 4-3 (Groundball, 4, EV 81.3 MPH)
Batting: RHB Jair Durtnell 0-0: Foul Ball, location: 2F
0-1: Called Strike
0-2: Strikes out swinging
Batting: RHB Trent Palfrey 0-0: Ball
1-0: Ground out 5-3 (Groundball, 56, EV 86.9 MPH)
Top of the 1st over - 0 runs, 0 hits, 0 errors, 0 left on base; Erskineville 0 - Rockdale 0
BOTTOM OF THE 1ST
Rockdale Crushers batting - Pitching for Erskineville Pirates : RHP Matthew Popplewell
Pitching: RHP Matthew Popplewell
Batting: RHB J.J. Jones 0-0: Foul Ball, location: 2F
0-1: Ball
1-1: Foul Ball, location: 7LDF
1-2: Fly out, F7 (Flyball, 78M, EV 89.4 MPH)
Batting: RHB Brad Silk 0-0: Ground out 1-3 (Groundball, 23, EV 75.6 MPH)
Batting: SHB Johnny Knight 0-0: Foul Ball, location: 3FF
0-1: Foul Ball, location: 3F
0-2: DOUBLE (Flyball, 8LD, EV 91.9 MPH)
Batting: SHB Mark Kinsley 0-0: Ball
1-0: Ball
2-0: Called Strike
2-1: 2-RUN HOME RUN (Flyball, 9D, EV 101.3 MPH), Distance : 387 ft
Batting: RHB Jerod Quarles 0-0: SINGLE (Line Drive, 8LS, EV 93.8 MPH)
Batting: RHB Eugene Pilcher 0-0: Called Strike
0-1: Ball
1-1: Swinging Strike
Jerod Quarles is caught stealing 2nd base 2-4
Bottom of the 1st over - 2 runs, 3 hits, 0 errors, 0 left on base; Erskineville 0 - Rockdale 2
TOP OF THE 2ND
Erskineville Pirates batting - Pitching for Rockdale Crushers : LHP Braxton Beedell
Batting: LHB Ken Pym 0-0: Fly out, F9 (Flyball, 89S, EV 86.3 MPH)
Batting: RHB Bernard Theyer 0-0: Ball
1-0: Ball
2-0: Ball
3-0: Base on Balls
Batting: LHB Tristen Anslow 0-0: Called Strike
0-1: Called Strike
0-2: Grounds into double play, 5-4-3 (Groundball, 56, EV 85.6 MPH)
Top of the 2nd over - 0 runs, 0 hits, 0 errors, 0 left on base; Erskineville 0 - Rockdale 2
BOTTOM OF THE 2ND
Rockdale Crushers batting - Pitching for Erskineville Pirates : RHP Matthew Popplewell
Batting: RHB Eugene Pilcher 0-0: Ball
1-0: TRIPLE (Line Drive, 78XD, EV 102.5 MPH)
Batting: SHB Quincy Provan 0-0: Called Strike
0-1: Ball
1-1: Swinging Strike
1-2: Ball
2-2: Strikes out swinging
Batting: RHB Luke Thornett 0-0: Ball
1-0: Ball
2-0: Reached on error, E5 (Groundball, 56S, EV 83.8 MPH)
Eugene Pilcher scores
Batting: SHB Jim Unknown 0-0: Fly out, F7 (Flyball, 7, EV 86.9 MPH)
Batting: RHB J.J. Jones 0-0: Ball
1-0: Ball
2-0: Called Strike
2-1: Swinging Strike
2-2: Foul Ball, location: 7LMFF
2-2: Strikes out looking
Bottom of the 2nd over - 1 run, 1 hit, 1 error, 1 left on base; Erskineville 0 - Rockdale 3
TOP OF THE 3RD
Erskineville Pirates batting - Pitching for Rockdale Crushers : LHP Braxton Beedell
Batting: LHB Walt Rogers 0-0: Called Strike
0-1: Foul Ball, location: 2F
0-2: Foul Ball, location: 2F
0-2: Foul Ball, location: 23F
0-2: DOUBLE (Line Drive, 78M, EV 107.5 MPH)
Batting: RHB J.C. Excell 0-0: Ball
1-0: Called Strike
1-1: Ball
2-1: Ground out 6-3 (Groundball, 6, EV 101.9 MPH)
Walt Rogers to third
Batting: RHB William Fowles 0-0: Called Strike
0-1: Foul Ball, location: 2F
0-2: Ball
1-2: Strikes out looking
Batting: RHB Phil Rutgers 0-0: Called Strike
0-1: Swinging Strike
0-2: Ball
1-2: Strikes out swinging
Top of the 3rd over - 0 runs, 1 hit, 0 errors, 1 left on base; Erskineville 0 - Rockdale 3
BOTTOM OF THE 3RD
Rockdale Crushers batting - Pitching for Erskineville Pirates : RHP Matthew Popplewell
Batting: RHB Brad Silk 0-0: Ball
1-0: Ball
2-0: DOUBLE (Line Drive, 89M, EV 98.8 MPH)
Batting: SHB Johnny Knight 0-0: Ball
1-0: Ball
2-0: Fly out, F8 (Flyball, 8RS, EV 97.5 MPH)
Batting: SHB Mark Kinsley 0-0: Ball
1-0: Ball
2-0: SINGLE (Line Drive, 78S, EV 88.1 MPH)
Brad Silk to third
Batting: RHB Jerod Quarles 0-0: Foul Ball, location: 2RF
0-1: Ball
1-1: Ball
2-1: Fly out, F8 (Line Drive, 8LM, EV 101.3 MPH)
Runner from 3rd tags up, SCORES, throw by CF
Batting: RHB Eugene Pilcher 0-0: Ball
1-0: Swinging Strike
1-1: Foul Ball, location: 25FF
1-2: Ball
2-2: Fly out, F9 (Flyball, 89S, EV 92.5 MPH)
Bottom of the 3rd over - 1 run, 2 hits, 0 errors, 1 left on base; Erskineville 0 - Rockdale 4
TOP OF THE 4TH
Erskineville Pirates batting - Pitching for Rockdale Crushers : LHP Braxton Beedell
Batting: RHB Jair Durtnell 0-0: Called Strike
0-1: Fly out, F7 (Line Drive, 7, EV 95.6 MPH)
Batting: RHB Trent Palfrey 0-0: Ball
1-0: Ball
2-0: Ball
3-0: Called Strike
3-1: Base on Balls
Batting: LHB Ken Pym 0-0: Ball
1-0: Ball
2-0: Foul Ball, location: 7LMF
2-1: Foul Ball, location: 7LMF
2-2: Strikes out swinging
Batting: RHB Bernard Theyer 0-0: Ball
1-0: Fly out, F8 (Flyball, 8RD, EV 111.3 MPH)
Top of the 4th over - 0 runs, 0 hits, 0 errors, 1 left on base; Erskineville 0 - Rockdale 4
BOTTOM OF THE 4TH
Rockdale Crushers batting - Pitching for Erskineville Pirates : RHP Matthew Popplewell
Batting: SHB Quincy Provan 0-0: Ball
1-0: Ball
2-0: Called Strike
2-1: Called Strike
2-2: Fly out, F8 (Flyball, 89M, EV 98.8 MPH)
Batting: RHB Luke Thornett 0-0: Called Strike
0-1: Ball
1-1: Fly out, F7 (Flyball, 78S, EV 88.1 MPH)
Batting: SHB Jim Unknown 0-0: Ball
1-0: Foul Ball, location: 2RF
1-1: Ball
2-1: SINGLE (Groundball, 4MD, EV 102.5 MPH)
Batting: RHB J.J. Jones 0-0: Swinging Strike
0-1: Ball
1-1: Ball
2-1: Swinging Strike
2-2: Ball
3-2: Foul Ball, location: 23F
3-2: Base on Balls
Jim Unknown to second
Batting: RHB Brad Silk 0-0: Ball
1-0: Ground out 5-3 (Groundball, 56S, EV 85.6 MPH)
Bottom of the 4th over - 0 runs, 1 hit, 0 errors, 2 left on base; Erskineville 0 - Rockdale 4
TOP OF THE 5TH
Erskineville Pirates batting - Pitching for Rockdale Crushers : LHP Braxton Beedell
Pitching: RHP Fletch Willis
Batting: LHB Tristen Anslow 0-0: Called Strike
0-1: Called Strike
0-2: Fly out, F8 (Flyball, 8RXD, EV 89.4 MPH)
Batting: LHB Walt Rogers 0-0: Ball
1-0: Called Strike
1-1: Called Strike
1-2: Foul Ball, location: 2F
1-2: Ball
2-2: Foul Ball, location: 9LDF
2-2: Fly out, F8 (Flyball, 8LD, EV 97.5 MPH)
Batting: RHB J.C. Excell 0-0: Ball
1-0: Called Strike
1-1: Ball
2-1: Swinging Strike
2-2: Ball
3-2: Foul Ball, location: 9LDF
3-2: SINGLE (Line Drive, 89S, EV 103.8 MPH)
Batting: RHB William Fowles 0-0: TRIPLE (Line Drive, 89XD, EV 108.1 MPH)
J.C. Excell scores
Batting: RHB Phil Rutgers 0-0: Called Strike
0-1: Ball
1-1: Ground out 6-3 (Groundball, 6, EV 104.4 MPH)
Top of the 5th over - 1 run, 2 hits, 0 errors, 1 left on base; Erskineville 1 - Rockdale 4
BOTTOM OF THE 5TH
Rockdale Crushers batting - Pitching for Erskineville Pirates : RHP Matthew Popplewell
Batting: SHB Johnny Knight 0-0: Foul Ball, location: 2F
0-1: Swinging Strike
0-2: Strikes out swinging
Batting: SHB Mark Kinsley 0-0: Foul Ball, location: 3FF
0-1: Fly out, F8 (Flyball, 8LS, EV 85.0 MPH)
Batting: RHB Jerod Quarles 0-0: Ball
1-0: Ball
2-0: Ball
3-0: Base on Balls
Batting: RHB Eugene Pilcher 0-0: Ball
1-0: Ball
2-0: Called Strike
2-1: SINGLE (Line Drive, 34D, EV 101.3 MPH)
Jerod Quarles to second
Batting: SHB Quincy Provan 0-0: Ball
1-0: Ball
2-0: Foul Ball, location: 7LSF
2-1: Ground out 4-3 (Groundball, 4, EV 101.3 MPH)
Bottom of the 5th over - 0 runs, 1 hit, 0 errors, 2 left on base; Erskineville 1 - Rockdale 4
TOP OF THE 6TH
Erskineville Pirates batting - Pitching for Rockdale Crushers : RHP Fletch Willis
Batting: RHB Jair Durtnell 0-0: Ball
1-0: SINGLE (Groundball, 6MD, EV 105.0 MPH) (infield hit)
Batting: RHB Trent Palfrey 0-0: Ball
Jair Durtnell steals 2nd base
1-0: Ball
2-0: Ball
3-0: Foul Ball, location: 9LSF
3-1: Base on Balls
Batting: LHB Ken Pym 0-0: Ball
Wild Pitch!
Jair Durtnell to third
Trent Palfrey to second
1-0: Ball
2-0: Called Strike
2-1: Ball
3-1: Ground out 2-3 (Groundball, 2R, EV 68.8 MPH)
Pitching: RHP Clarrie Coyfe
Pinch Hitting: LHB Calum Clow 0-0: Swinging Strike
0-1: Called Strike
0-2: Ball
1-2: Foul Ball, location: 3F
1-2: Ball
2-2: Foul Ball, location: 7LSF
2-2: Strikes out looking
Batting: LHB Tristen Anslow 0-0: Called Strike
0-1: Hit by Pitch
Batting: LHB Walt Rogers 0-0: SINGLE (Flyball, 89S, EV 85.6 MPH)
Jair Durtnell scores
Trent Palfrey to third
Tristen Anslow to second
Runner from 3rd tries for Home, SAFE, throw by CF to home
Batting: RHB J.C. Excell 0-0: Ball
1-0: Swinging Strike
1-1: Fielders Choice at 2nd, 6-4 (Groundball, 6, EV 79.4 MPH)
Top of the 6th over - 2 runs, 2 hits, 0 errors, 2 left on base; Erskineville 3 - Rockdale 4
BOTTOM OF THE 6TH
Rockdale Crushers batting - Pitching for Erskineville Pirates : RHP Matthew Popplewell
Now at SS: Calum Clow
Batting: RHB Luke Thornett 0-0: Ball
1-0: Foul Ball, location: 7LMFF
1-1: Called Strike
1-2: Strikes out swinging
Batting: SHB Jim Unknown 0-0: Ball
1-0: Called Strike
1-1: Foul Ball, location: 7LSF
1-2: Strikes out swinging
Batting: RHB J.J. Jones 0-0: Foul Ball, location: 2F
0-1: Foul Ball, location: 2F
0-2: Foul Ball, location: 7LMF
0-2: Ball
1-2: Fly out, F4 (Popup, 4M, EV 55.6 MPH)
Bottom of the 6th over - 0 runs, 0 hits, 0 errors, 0 left on base; Erskineville 3 - Rockdale 4
TOP OF THE 7TH
Erskineville Pirates batting - Pitching for Rockdale Crushers : RHP Clarrie Coyfe
Pinch Hitting: LHB Marcus Ranby 0-0: Foul Ball, location: 2F
0-1: Ball
1-1: Foul Ball, location: 2F
1-2: Strikes out swinging
Batting: RHB Phil Rutgers 0-0: Called Strike
0-1: Ball
1-1: Swinging Strike
1-2: Fly out, F3 (Popup, 3F, EV 60.6 MPH)
Batting: RHB Jair Durtnell 0-0: Ball
1-0: Ball
2-0: Swinging Strike
2-1: Ground out 5-3 (Groundball, 56S, EV 69.4 MPH)
Top of the 7th over - 0 runs, 0 hits, 0 errors, 0 left on base; Erskineville 3 - Rockdale 4
BOTTOM OF THE 7TH
Rockdale Crushers batting - Pitching for Erskineville Pirates : RHP Matthew Popplewell
Pitching: RHP Tony Bowering
Now at 3B: Phillip Heighway
Batting: RHB Brad Silk 0-0: Foul Ball, location: 9LSF
0-1: Ball
1-1: Called Strike
1-2: Fly out, F8 (Flyball, 8LD, EV 109.4 MPH)
Batting: SHB Johnny Knight 0-0: Foul Ball, location: 7LSF
0-1: Ground out 6-3 (Groundball, 6, EV 83.1 MPH)
Batting: SHB Mark Kinsley 0-0: Ball
1-0: Ball
2-0: Foul Ball, location: 3FF
2-1: DOUBLE (Flyball, 8RXD, EV 95.6 MPH)
Batting: RHB Jerod Quarles 0-0: Ground out 5-3 (Groundball, 56, EV 91.9 MPH)
Bottom of the 7th over - 0 runs, 1 hit, 0 errors, 1 left on base; Erskineville 3 - Rockdale 4
TOP OF THE 8TH
Erskineville Pirates batting - Pitching for Rockdale Crushers : RHP Clarrie Coyfe
Batting: RHB Trent Palfrey 0-0: Ball
1-0: Ball
2-0: Ball
3-0: Called Strike
3-1: Base on Balls
Batting: LHB Ken Pym 0-0: Called Strike
0-1: Ball
1-1: Ball
2-1: Foul Ball, location: 3F
2-2: Ball
3-2: Foul Ball, location: 5SF
3-2: Fly out, F5 (Popup, 5, EV 60.6 MPH)
Batting: LHB Calum Clow 0-0: Called Strike
0-1: Ball
1-1: Swinging Strike
1-2: Ball
2-2: SINGLE (Line Drive, 78D, EV 103.1 MPH)
Trent Palfrey to second
Batting: LHB Tristen Anslow 0-0: Ball
1-0: Ball
2-0: Ball
3-0: Called Strike
3-1: Called Strike
3-2: Base on Balls
Trent Palfrey to third
Calum Clow to second
Batting: LHB Walt Rogers 0-0: Ball
1-0: Ball
2-0: SINGLE (Line Drive, 56, EV 63.8 MPH)
Trent Palfrey scores
Calum Clow to third
Tristen Anslow to second
Runner from 3rd tries for Home, SAFE, throw by LF to home
Batting: RHB J.C. Excell 0-0: Ball
1-0: Ball
2-0: Foul Ball, location: 5FF
2-1: Fly out, F3 (Popup, 3, EV 74.4 MPH)
Batting: RHB Phillip Heighway 0-0: Fielders Choice at 2nd, 6-4 (Groundball, 6, EV 79.4 MPH)
Top of the 8th over - 2 runs, 2 hits, 0 errors, 2 left on base; Erskineville 5 - Rockdale 4
BOTTOM OF THE 8TH
Rockdale Crushers batting - Pitching for Erskineville Pirates : RHP Tony Bowering
Pinch Hitting: LHB Steve Smith 0-0: Ball
1-0: Ball
2-0: Ground out 4-3 (Groundball, 4, EV 104.4 MPH)
Batting: SHB Quincy Provan 0-0: Called Strike
0-1: Ball
1-1: Ball
2-1: Swinging Strike
2-2: Foul Ball, location: 9LSFF
2-2: Ball
3-2: Ground out 4-3 (Groundball, 4, EV 91.9 MPH)
Batting: RHB Luke Thornett 0-0: Ball
1-0: Ball
2-0: Foul Ball, location: 2F
2-1: Foul Ball, location: 23F
2-2: Ball
3-2: Ground out 4-3 (Groundball, 4MD, EV 96.9 MPH)
Bottom of the 8th over - 0 runs, 0 hits, 0 errors, 0 left on base; Erskineville 5 - Rockdale 4
TOP OF THE 9TH
Erskineville Pirates batting - Pitching for Rockdale Crushers : RHP Clarrie Coyfe
Now at SS: Anaru Hulama
Pinch Hitting: LHB Sam Hindle 0-0: Swinging Strike
0-1: SINGLE (Groundball, 4MD, EV 103.8 MPH)
Pitching: LHP Mark Esmond
Batting: RHB Jair Durtnell 0-0: Sac Bunt to 2L - play at second, runner OUT! 2-6
Batting: RHB Trent Palfrey 0-0: Ball
1-0: Ball
2-0: Called Strike
2-1: SINGLE (Groundball, 4MD, EV 96.3 MPH)
Jair Durtnell to second
Batting: LHB Ken Pym 0-0: Ball
1-0: Ball
2-0: Called Strike
2-1: 3-RUN HOME RUN (Flyball, 89XD, EV 106.3 MPH), Distance : 420 ft
Pitching: LHP Jason Hedley
Pinch Hitting: RHB Orval Cash 0-0: Called Strike
0-1: Swinging Strike
0-2: Ball
1-2: Strikes out swinging
Batting: LHB Tristen Anslow 0-0: Ball
1-0: Ball
2-0: Ball
3-0: Called Strike
3-1: Called Strike
3-2: Fly out, F8 (Flyball, 8LD, EV 86.3 MPH)
Top of the 9th over - 3 runs, 3 hits, 0 errors, 0 left on base; Erskineville 8 - Rockdale 4
BOTTOM OF THE 9TH
Rockdale Crushers batting - Pitching for Erskineville Pirates : RHP Tony Bowering
Now at SS: Kade Tregear
Now in RF: Darren Fairburn
Batting: LHB Greg Woods 0-0: SINGLE (Groundball, 34D, EV 95.0 MPH)
Batting: RHB J.J. Jones 0-0: Ball
1-0: Ball
2-0: Ball
3-0: Called Strike
3-1: Base on Balls
Greg Woods to second
Pitching: RHP Jake Paea
Pinch Hitting: SHB Fred Baverstock 0-0: Ball
1-0: Foul Ball, location: 2F
1-1: Swinging Strike
1-2: Ball
2-2: Foul Ball, location: 2F
2-2: Hit by Pitch
Greg Woods to third
J.J. Jones to second
Batting: SHB Johnny Knight 0-0: Ball
1-0: Ball
2-0: Called Strike
2-1: Ball
3-1: Called Strike
3-2: Foul Ball, location: 7LSFF
3-2: Grounds into double play, 5-2-3 (Groundball, 5S, EV 81.3 MPH)
J.J. Jones to third
Fred Baverstock to second
Batting: SHB Mark Kinsley 0-0: Foul Ball, location: 3SF
0-1: Foul Ball, location: 2F
0-2: Foul Ball, location: 2F
0-2: Strikes out swinging
Bottom of the 9th over - 0 runs, 1 hit, 0 errors, 2 left on base; Erskineville 8 - Rockdale 4
Tuesday, April 30th , 2024 - OOTP Baseball 24.9 Build 80